 Dungeon Crawl Stone Soup version 0.26.1-11-gd32895ea62 (webtiles) character file.

Game seed: 4376494124372404823

492 buriedalive the Chiller (level 6, 0/32 HPs)
             Began as a Deep Elf Ice Elementalist on May 27, 2021.
             Slain by a centaur (7 damage)
             ... on level 5 of the Dungeon.
             The game lasted 00:10:08 (6506 turns).

buriedalive the Chiller (Deep Elf Ice Elementalist) Turns: 6506, Time: 00:10:08

Health: 0/32       AC:  6    Str:  3    XL:     6   Next: 91%
Magic:  8/12       EV: 20    Int: 22    God:
Gold:   229        SH:  0    Dex: 15    Spells: 4/11 levels left

rFire    . . .     SeeInvis .   s - +0 dagger (protect)
rCold    + . .     Faith    .   (no shield)
rNeg     + . .     Spirit   .   k - +0 robe {rN+}
rPois    .         Reflect  .   (helmet restricted)
rElec    .         Harm     .   o - +1 cloak
rCorr    .         Rampage  .   (no gloves)
Will     .....     Rnd*Rage +   (no boots)
Stlth    ++........             (no amulet)
HPRegen  0.10/turn              (no ring)
MPRegen  0.13/turn              t - +4 ring of evasion

@: no status effects
A: horns 1, thin metallic scales 1, berserk 1, cold resistance 1, weak 1
a: no special abilities


You were on level 5 of the Dungeon.
You visited 1 branch of the dungeon, and saw 5 of its levels.

You collected 229 gold pieces.

Inventory:

Hand Weapons
 d - a +0 dagger
 n - a +4 quarterstaff of chaos
 s - a +0 dagger of protection (weapon)
Missiles
 h - 80 stones
 l - a throwing net
 p - 14 poisoned darts
 q - 8 silver javelins
Armour
 a - a +1 robe
 k - a +0 robe of positive energy (worn)
 o - a +1 cloak (worn)
Jewellery
 t - a +4 ring of evasion (right hand)
Wands
 m - a wand of random effects (8)
Scrolls
 b - 2 scrolls of identify
 c - a scroll of noise {unknown}
 e - 4 scrolls of remove curse
 j - 4 scrolls of teleportation
 r - a scroll of immolation {unknown}
Potions
 f - a potion of might
 g - a potion of curing
 i - 2 potions of magic


   Skills:
 + Level 6.6 Dodging
 - Level 2.4 Stealth
 - Level 3.0 Spellcasting
 + Level 7.1 Ice Magic


You had 4 spell levels left.
You knew the following spells:

 Your Spells              Type           Power        Failure   Level
a - Freeze                Ice            100%         1%          1
b - Frozen Ramparts       Ice            68%          1%          3
c - Ozocubu's Armour      Ice            34%          1%          3

Your spell library contained the following spells:

 Spells                   Type           Power        Failure   Level
 Hailstorm                Conj/Ice       19%          28%         4
 Summon Ice Beast         Ice/Summ       19%          28%         4


Dungeon Overview and Level Annotations

Branches:
Dungeon (5/15)
 Temple: D:4-7

Altars:
Ru
Trog

Annotations:
D:3 Grinder, Sigmund


Innate Abilities, Weirdness & Mutations

You have a pair of small horns on your head.
You are partially covered in thin metallic scales. (AC +2)
You tend to lose your temper in combat.
Your flesh is cold resistant. (rC+)
You are weak. (Str -2)


Message History

Casting: Freeze (safe; 1% risk of failure)
Confirm with . or Enter, or press ? or * to list all spells.
Aiming: Freeze (safe; 1% risk of failure)
Press: ? - help, Shift-Dir - straight line, f/p - centaur
Aim: a centaur, quivering 25 arrows (moderately wounded)
You freeze the centaur.
The centaur is moderately wounded.
The centaur hits you! The shadow imp misses you.
Casting: Freeze (safe; 1% risk of failure)
Confirm with . or Enter, or press ? or * to list all spells.
Aiming: Freeze (safe; 1% risk of failure)
Press: ? - help, Shift-Dir - straight line, f/p - centaur
Aim: a centaur, quivering 25 arrows (moderately wounded)
You freeze the centaur!
The centaur is almost dead.
The centaur hits you.
* * * LOW HITPOINT WARNING * * *
The shadow imp gestures at you.
You struggle to resist.
The centaur hits you!
You die...

. .......# .#....#
#...#..####
#.#..#......
###..#..#......
#..###.####...#
#..##...#......
#.#.#(.@#...#
#.##.#5c###+#
##########.##.##.....#
..#........#####...#_#
...............#...# #
.)..###.#......#...#
..##.#.........#....
#.###.##.........###+
##.##.......#....#


You could see a centaur and a shadow imp.

Vanquished Creatures
  2 ogres
  3 orc wizards
  Crazy Yiuf (D:3)
  2 worker ants (D:4)
  6 adders
  An ooze (D:1)
  An adder skeleton (D:5)
  A dart slug (D:3)
  3 leopard geckos
  14 orcs
  8 bats
  2 giant cockroaches
  4 hobgoblins
  13 jackals
  2 frilled lizards
  9 goblins
  6 kobolds
  9 rats
87 creatures vanquished.

Notes
Turn   | Place    | Note
-------+----------+-------------------------------------------
     0 | D:1      | buriedalive the Deep Elf Ice Elementalist began the quest
                  | for the Orb.
     0 | D:1      | Reached XP level 1. HP: 10/10 MP: 6/6
   563 | D:1      | Reached XP level 2. HP: 15/15 MP: 8/8
  1401 | D:1      | Reached XP level 3. HP: 19/19 MP: 9/9
  1596 | D:2      | Reached skill level 5 in Ice Magic
  2961 | D:3      | Learned a level 3 spell: Frozen Ramparts
  2965 | D:3      | Learned a level 3 spell: Ozocubu's Armour
  3097 | D:3      | Found a runed translucent door.
  3098 | D:3      | Noticed Crazy Yiuf
  3104 | D:3      | Killed Crazy Yiuf
  3105 | D:3      | Reached XP level 4. HP: 23/24 MP: 4/10
  3770 | D:3      | Reached XP level 5. HP: 28/28 MP: 5/11
  3848 | D:3      | Found a bloodstained altar of Trog.
  4148 | D:3      | Reached skill level 5 in Dodging
  4148 | D:3      | Reached skill level 6 in Ice Magic
  4209 | D:3      | Noticed Grinder
  4218 | D:3      | Noticed Sigmund
  4218 | D:3      | Paralysed by Grinder for 4 turns
  4852 | D:4      | Gained mutation: You are partially covered in thin metallic
                  | scales. (AC +2) [potion of mutation]
  4852 | D:4      | Gained mutation: You have large cloven feet. [potion of
                  | mutation]
  4852 | D:4      | Gained mutation: Your body sometimes deteriorates upon
                  | taking damage. [potion of mutation]
  4852 | D:4      | Gained mutation: You have a pair of small horns on your
                  | head. [potion of mutation]
  4853 | D:4      | Lost mutation: Your body sometimes deteriorates upon taking
                  | damage. [potion of mutation]
  4853 | D:4      | Lost mutation: You have large cloven feet. [potion of
                  | mutation]
  4853 | D:4      | Gained mutation: You tend to lose your temper in combat.
                  | [potion of mutation]
  4853 | D:4      | Gained mutation: You are weak. (Str -2) [potion of
                  | mutation]
  4853 | D:4      | Gained mutation: Your flesh is cold resistant. (rC+)
                  | [potion of mutation]
  5179 | D:4      | Noticed an ogre
  5198 | D:4      | Killed an ogre
  5199 | D:4      | Reached XP level 6. HP: 32/32 MP: 5/12
  6152 | D:5      | Entered Level 5 of the Dungeon
  6165 | D:5      | Reached skill level 7 in Ice Magic
  6498 | D:5      | Found a sacrificial altar of Ru.
  6506 | D:5      | Slain by a centaur

Illustrated notes

Levels and vault maps discovered:
D:1:      lightli_molten_gateway, layout_basic, chequers_garden,
          minmay_pentomino_o4
D:2:      layout_basic
D:3:      layout_loops_ring, bloody_trog, kennysheep_crisscross,
          corner_web_ring, uniq_grinder, uniq_crazy_yiuf_cottage, uniq_sigmund
D:4:      layout_basic
D:5:      layout_layer_cave, lemuel_round_altar, hangedman_ru_absence,
          biasface_ghost_orc_armoury, uniq_pikel, uniq_ijyb

Skill      XL: |  1  2  3  4  5  6 |
---------------+-------------------+-----
Dodging        | 3 4 5 6 |  6.6
Ice Magic      | 5 6 7 |  7.1
Stealth        | |  2.4
Spellcasting   | |  3.0

Action                   |  1- 3 |  4- 6 || total
-------------------------+-------+-------++-------
Melee: Dagger            |    61 |    58 ||   119
       Unarmed           |     1 |       ||     1
       Quarterstaff      |       |     9 ||     9
       Headbutt          |       |     6 ||     6
 Cast: Freeze            |    50 |    56 ||   106
       Frozen Ramparts   |     1 |     2 ||     3
       Ozocubu's Armour  |       |     2 ||     2
  Use: Scroll            |       |     9 ||     9
       Potion            |       |     2 ||     2
 Stab: Sleeping          |    11 |     2 ||    13
Armor: Robe              |    22 |    22 ||    44
Dodge: Dodged            |    80 |    90 ||   170
